 Dungeon Crawl Stone Soup version 0.21-a0-400-g417d9d2 (webtiles) character file.

3257 Charmandara the Archer (level 10, -6/72 HPs)
             Began as a Barachi Hunter on Oct 20, 2017.
             Was a Priest of Kikubaaqudgha.
             Mangled by a two-headed ogre
             ... wielding a +0 dire flail
              (9 damage)
             ... on level 8 of the Dungeon.
             The game lasted 00:25:14 (7963 turns).

Charmandara the Archer (Barachi Hunter)             Turns: 7963, Time: 00:25:14

Health: -6/72      AC: 20    Str: 15    XL:     10   Next: 0%
Magic:  19/19      EV:  7    Int: 14    God:    Kikubaaqudgha [***...]
Gold:   370        SH:  0    Dex: 12    Spells: 3/9 levels left

rFire    . . .     SeeInvis .   b - +2 dagger (venom)
rCold    . . .     Gourm    .   (no shield)
rNeg     . . .     Faith    .   m - +3 chain mail
rPois    .         Spirit   .   s - +1 helmet
rElec    .         Reflect  .   x - +1 cloak
rCorr    .         Harm     +   (no gloves)
MR       .....                  q - +2 pair of boots
Stlth    ..........             E - amulet of harm
HPRegen  0.22/turn              I - ring of wizardry {Wiz+, !d}
MPRegen  0.16/turn              F - ring of magical power {MP+9}

@: slow
A: +LOS, swims, icy blue scales 1, frail 1, slowness 1, subdued magic 2, strong
legs 1
a: Hop, Receive Corpses, Renounce Religion


You were on level 8 of the Dungeon.
You worshipped Kikubaaqudgha.
Kikubaaqudgha was most pleased with you.
You were not hungry.

You visited 1 branch of the dungeon, and saw 8 of its levels.

You collected 370 gold pieces.

Inventory:

Hand Weapons
 a - a +1 shortbow
 b - a +2 dagger of venom (weapon)
   (You took it off an orc on level 6 of the Dungeon)
 d - a +2 falchion of slicing
   (You took it off an orc on level 7 of the Dungeon)
 v - a +0 long sword
   (You found it on level 2 of the Dungeon)
 w - a +2 short sword of protection
   (You took it off Duvessa on level 5 of the Dungeon)
 G - a +3 halberd of freezing
   (You took it off a wight on level 7 of the Dungeon)
 O - a +1 trident of venom
   (You found it on level 6 of the Dungeon)
Missiles
 l - 4 javelins (quivered)
 u - 61 arrows
Armour
 c - a +2 robe
   (You took it off Dowan on level 5 of the Dungeon)
 m - a +3 chain mail (worn)
   (You found it on level 1 of the Dungeon)
 q - a +2 pair of boots (worn)
   (You found it on level 5 of the Dungeon)
 s - a +1 helmet (worn)
   (You found it on level 2 of the Dungeon)
 x - a +1 cloak (worn)
   (You found it on level 6 of the Dungeon)
Jewellery
 g - an uncursed ring of wizardry {Wiz+, !d}
   (You took it off an orc on level 6 of the Dungeon)
 E - an amulet of harm (around neck)
   (You found it on level 2 of the Dungeon)
 F - a ring of magical power (right hand) {MP+9}
   (You took it off a hobgoblin on level 3 of the Dungeon)
 I - a ring of wizardry (left hand) {Wiz+, !d}
   (You found it on level 3 of the Dungeon)
Wands
 N - a wand of paralysis (14/24)
   (You found it on level 5 of the Dungeon)
 P - a wand of confusion (0/48)
   (You found it on level 7 of the Dungeon)
Scrolls
 e - 2 scrolls of amnesia
 i - a scroll of enchant armour
 k - 2 scrolls of teleportation
 n - 3 scrolls of remove curse
 o - a scroll of fog {unknown}
 y - 2 scrolls of fear {unknown}
 z - a scroll of noise {!r}
 A - a scroll of magic mapping {unknown}
 C - a scroll of enchant weapon
 Q - a scroll of identify
Potions
 j - 2 potions of flight
 B - a potion of resistance
 D - a potion of magic
Books
 h - a book of Cantrips
   (You found it on level 7 of the Dungeon)
 t - Kikubaaqudgha's Catalogue of Sinister Secrets
   (Kikubaaqudgha gifted it to you on level 7 of the Dungeon)

   Spells                             Type                      Level
   a - Agony                          Necromancy                   5
   b - Cigotuvi's Embrace             Necromancy                   5
   c - Dispel Undead                  Necromancy                   5
   d - Simulacrum                     Ice/Necromancy               6
   e - Death Channel                  Necromancy                   6
 H - Kikubaaqudgha's Grimoire of Unholy Magic
   (Kikubaaqudgha gifted it to you on level 2 of the Dungeon)

   Spells                             Type                      Level
   a - Pain                           Necromancy                   1
   b - Corpse Rot                     Necromancy                   2
   c - Sublimation of Blood           Necromancy                   2
   d - Regeneration                   Charms/Necromancy            3
   e - Control Undead                 Necromancy                   4
Comestibles
 f - 6 bread rations {@e1}
 r - 4 meat rations {@e2}
 J - a royal jelly


   Skills:
 + Level 7.9 Fighting
 - Level 12.5 Bows
 - Level 2.1 Dodging
 - Level 0.8 Stealth


You had 3 spell levels left.
You knew the following spells:

 Your Spells              Type           Power        Failure   Level  Hunger
a - Corpse Rot            Necr           N/A          98%         2    ###....
r - Regeneration          Chrm/Necr      #.........   99%         3    ####...
A - Animate Skeleton      Necr           N/A          92%         1    ##.....


Dungeon Overview and Level Annotations

Branches:
Dungeon (8/15)             Temple (0/1) D:6
   Lair: D:8-11

Altars:
Kikubaaqudgha
Makhleb
Wu Jian
Xom

Shops:
D:5 =   D:6 ?


Innate Abilities, Weirdness & Mutations

Shadows flee at your approach. (+LOS)
You can swim through water.
You cover ground slowly.
You can hop short distances.
You are partially covered in icy blue scales. (AC +2)
You are frail. (-10% HP)
Your spells are easier to cast, but less powerful.


Message History

The bullfrog zombie hits you but does no damage.
You see here an arrow.
Unknown command.
You hit the bullfrog zombie. The bullfrog zombie closely misses you.
You hit the bullfrog zombie but do no damage.
The bullfrog zombie barely misses you. x2
You hit the bullfrog zombie. The bullfrog zombie barely misses you.
You hit the bullfrog zombie.
The bullfrog zombie completely misses you.
You hit the bullfrog zombie. The bullfrog zombie closely misses you.
You hit the bullfrog zombie.
The bullfrog zombie hits you but does no damage. x2
You hit the bullfrog zombie. The bullfrog zombie hits you.
A two-headed ogre comes into view.
It is wielding a dire flail and a giant spiked club.
You take 6 damage, and have 55/66 hp.
The two-headed ogre shouts in stereo!
You hit the bullfrog zombie. The bullfrog zombie barely misses you.
An ice beast comes into view.
You hit the bullfrog zombie.
The bullfrog zombie hits you but does no damage.
The ice beast moves out of view.
The bullfrog zombie hits you.
You take 6 damage, and have 49/66 hp.
You hit the bullfrog zombie.
The bullfrog zombie hits you but does no damage.
You hit the bullfrog zombie.
You destroy the bullfrog zombie!
Kikubaaqudgha accepts your kill.
You have reached level 10!
You regained 4 hp, and now have 54/72 hp.
MP restored: 19 You hit the worker ant but do no damage.
The worker ant bites you but does no damage. x2
You closely miss the worker ant. The worker ant barely misses you.
You closely miss the worker ant. You closely miss the two-headed ogre.
Okay, then.
Aim: a two-headed ogre, wielding a dire flail and a giant spiked club (chance to defeat MR: 28%)
The two-headed ogre easily resists.
Evoking this partially-identified wand wasted a few charges.
The two-headed ogre hits you but does no damage.
The two-headed ogre hits you with a giant spiked club.
You take 3 damage, and have 52/72 hp.
Unknown command.
Aim: a two-headed ogre, wielding a dire flail and a giant spiked club (chance to defeat MR: 28%)
The two-headed ogre easily resists.
Evoking this partially-identified wand wasted a few charges.
The two-headed ogre hits you with a dire flail.
The two-headed ogre hits you with a giant spiked club!
You take 25 damage, and have 27/72 hp.
MASSIVE DAMAGE!!
Aim: a two-headed ogre, wielding a dire flail and a giant spiked club (chance to defeat MR: 28%) Nothing appears to happen.
The two-headed ogre hits you with a dire flail!
* * * LOW HITPOINT WARNING * * *
The two-headed ogre hits you with a giant spiked club.
* * * LOW HITPOINT WARNING * * *
You take 18 damage, and have 9/72 hp.
MASSIVE DAMAGE!!
Unknown command.
Okay, then.
Okay, then.
Unknown command.
Okay, then.
Okay, then.
Okay, then.
As you read the scroll labeled GOIFON VIAP, it crumbles to dust.
You hear a loud clanging noise!
It was a scroll of noise.
You hear a shout! x2; You hear an angry hiss.
You hear two shouts!
You hear a loud, deep croak!
You hear an angry hiss.
You hear a shout!
You hear an angry buzzing noise.
You hear a shout! x2
You hear an angry buzzing noise.
You hear a shout!
You hear an angry buzzing noise. x2; You hear a shout!
You hear an angry buzzing noise. x2
The two-headed ogre hits you but does no damage. x2
As you read the scroll labeled ELACHE GEDEAQA, it crumbles to dust.
It is a scroll of enchant weapon.
Your +1 dagger of venom glows red for a moment.
Unknown command.
Unknown command.
As you read the scroll labeled IRIFEMYSYTH, it crumbles to dust.
The creatures around you are filled with an inner flame!
It was a scroll of immolation.
The two-headed ogre closely misses you.
The two-headed ogre hits you but does no damage.
As you read the scroll labeled KOJ UJOHOJ, it crumbles to dust.
It is a scroll of recharging.
Charge which item? (? for menu, Esc to quit)
Your wand of paralysis (?/24) {empty} glows for a moment.
The two-headed ogre barely misses you.
The two-headed ogre hits you with a giant spiked club.
* * * LOW HITPOINT WARNING * * *
You take 6 damage, and have 3/72 hp.
Unknown command.
Unknown command.
Unknown command.
As you read the scroll labeled NONTAU DUM WAN, it crumbles to dust.
You smell sulphur.
It was a scroll of random uselessness.
The two-headed ogre hits you with a dire flail!
You die...
Kikubaaqudgha rasps: "You have failed me!
Welcome... death!"

#### .... ...
... #.#
#.######.#
####h.......#
#<@OOY......#
####a........
#.........
#.........
#.........
#........#
#O.......#
#........#
##........


You could see a two-headed ogre (inner flame), an ice beast (inner flame), an
ogre (inner flame), a hound (inner flame) and a worker ant (inner flame).

Vanquished Creatures
  Pikel (D:4)
  Duvessa (D:5)
  An orc warrior (D:6)
  A sky beast (D:7)
  A necrophage (D:5)
  2 phantoms
  2 ice beasts
  4 ogres
  A centaur (D:6)
  Dowan (D:5)
  3 scorpions
  4 killer bees (D:7)
  4 wights (D:7)
  A howler monkey (D:6)
  3 crimson imps
  A bullfrog zombie (D:8)
  A centaur zombie (D:7)
  4 hounds
  2 jellies (D:7)
  6 orc wizards
  2 bullfrog skeletons (D:6)
  An orc priest (D:6)
  Terence (D:2)
  3 iguanas
  Natasha (D:2)
  4 worker ants
  A killer bee zombie (D:4)
  6 gnolls (D:4)
  8 adders
  A shadow imp (D:6)
  3 oozes
  An adder zombie (D:5)
  An adder skeleton (D:6)
  3 worms
  4 dart slugs
  5 leopard geckos
  17 orcs
  A ball python (D:4)
  7 giant cockroaches
  4 goblins (D:2)
  9 hobgoblins
  6 jackals
  3 kobolds
  6 quokkas
  6 bats
  3 frilled lizards
  A jackal zombie (D:3)
  9 rats
161 creatures vanquished.

Notes
Turn   | Place    | Note
-------+----------+-------------------------------------------
     0 | D:1      | Charmandara the Barachi Hunter began the quest for the Orb.
     0 | D:1      | Reached XP level 1. HP: 17/17 MP: 1/1
   105 | D:1      | Reached XP level 2. HP: 16/23 MP: 2/2
   185 | D:1      | HP: 3/23 [ooze (3)]
  1281 | D:1      | Reached XP level 3. HP: 23/28 MP: 3/3
  1444 | D:2      | Reached skill level 5 in Bows
  1623 | D:2      | Noticed Terence
  1633 | D:2      | Killed Terence
  1633 | D:2      | Reached XP level 4. HP: 29/34 MP: 4/4
  1785 | D:2      | Noticed Natasha
  1903 | D:2      | Killed Natasha
  1938 | D:2      | Reached skill level 6 in Bows
  1961 | D:2      | Found a faded altar of an unknown god.
  2059 | D:2      | Reached XP level 5. HP: 39/39 MP: 5/5
  2239 | D:2      | Became a worshipper of Kikubaaqudgha
  2239 | D:2      | Reached * piety under Kikubaaqudgha
  2239 | D:2      | Identified Kikubaaqudgha's Grimoire of Unholy Magic (Kikubaaqudgha gifted it to you on level 2 of the Dungeon)
  2239 | D:2      | Received a gift from Kikubaaqudgha
  2246 | D:2      | Learned a level 2 spell: Corpse Rot
  2927 | D:4      | Reached skill level 7 in Bows
  2927 | D:4      | Reached XP level 6. HP: 39/46 MP: 6/6
  3073 | D:4      | Learned a level 2 spell: Corpse Rot
  3077 | D:4      | Learned a level 3 spell: Regeneration
  3078 | D:4      | Reached ** piety under Kikubaaqudgha
  3347 | D:4      | Noticed a slave
  3347 | D:4      | Noticed a slave
  3348 | D:4      | Noticed a slave
  3348 | D:4      | Noticed Pikel
  3348 | D:4      | Noticed a slave
  3366 | D:4      | Killed Pikel
  3366 | D:4      | Reached skill level 9 in Bows
  3366 | D:4      | Reached XP level 7. HP: 26/51 MP: 7/7
  3712 | D:5      | Entered Level 5 of the Dungeon
  3712 | D:5      | Found a shimmering altar of Xom.
  3731 | D:5      | Reached XP level 8. HP: 31/57 MP: 8/8
  3915 | D:5      | Noticed Dowan
  3916 | D:5      | Noticed Duvessa
  3930 | D:5      | Killed Duvessa
  3930 | D:5      | Reached skill level 10 in Bows
  3949 | D:5      | Killed Dowan
  4274 | D:5      | Found Diqutzen's Jewellery Emporium.
  4505 | D:5      | Reached skill level 11 in Bows
  4829 | D:6      | Reached XP level 9. HP: 35/61 MP: 9/9
  4871 | D:6      | HP: 15/61 [orc wizard/magic dart (10)]
  4876 | D:6      | HP: 14/62 [orc wizard/magic dart (6)]
  5284 | D:6      | Found Siomudd's Magic Scroll Shoppe.
  5502 | D:6      | Found a burning altar of Makhleb.
  5566 | D:6      | Reached skill level 12 in Bows
  6026 | D:6      | Found a staircase to the Ecumenical Temple.
  6132 | D:6      | Gained mutation: Your spells are a little easier to cast, but a little less powerful. [potion of mutation]
  6132 | D:6      | Gained mutation: Your spells are easier to cast, but less powerful. [potion of mutation]
  6132 | D:6      | Gained mutation: You are frail. (-10% HP) [potion of mutation]
  6132 | D:6      | Gained mutation: You are partially covered in icy blue scales. (AC +2) [potion of mutation]
  6611 | D:7      | Learned a level 1 spell: Animate Skeleton
  6640 | D:7      | Reached skill level 3 in Fighting
  6645 | D:7      | Reached *** piety under Kikubaaqudgha
  6645 | D:7      | Identified Kikubaaqudgha's Catalogue of Sinister Secrets (Kikubaaqudgha gifted it to you on level 7 of the Dungeon)
  6645 | D:7      | Received a gift from Kikubaaqudgha
  6749 | D:7      | Reached skill level 4 in Fighting
  6921 | D:7      | Reached skill level 5 in Fighting
  6924 | D:7      | HP: 13/61 [killer bee (7)]
  6924 | D:7      | HP: 6/61 [killer bee (7)]
  6931 | D:7      | HP: 5/61 [poisoned by a killer bee]
  6939 | D:7      | HP: 4/61 [poisoned by a killer bee]
  7319 | D:7      | Found an ornate altar of the Wu Jian Council.
  7365 | D:7      | Reached skill level 6 in Fighting
  7479 | D:7      | Reached skill level 7 in Fighting
  7948 | D:8      | Noticed a two-headed ogre
  7951 | D:8      | Reached XP level 10. HP: 54/72 MP: 10/10
  7958 | D:8      | HP: 11/72 [two-headed ogre/dire flail (16)]
  7962 | D:8      | HP: 3/72 [two-headed ogre/dire flail (7)]
  7963 | D:8      | Mangled by a two-headed ogre

Vault maps used:
D:1:      dpeg_arrival_solitude, roderic_roman_lattice
D:2:      first_bread, chequers_ecumenical_altar_simple, minmay_surrounded,
          uniq_terence, uniq_natasha
D:4:      uniq_pikel
D:5:      basic_altar, kennysheep_windowed_goal, uniq_duvessa
D:6:      kennysheep_mini, minmay_temple_entry_large_hall, serial_shops,
          shop_statue
D:7:      lemuel_crystal_altar, grunt_tough_drop
D:8:      david_nohive_1

Skill      XL: |  1  2  3  4  5  6  7  8  9 |
---------------+----------------------------+-----
Bows           | 5 6 7 9 11 12 | 12.5
Fighting       | 7 |  7.9
Dodging        | |  2.1
Stealth        | |  0.8

Action                   |  1- 3 |  4- 6 |  7- 9 | 10-12 || total
-------------------------+-------+-------+-------+-------++-------
Melee: Short sword       |    35 |       |    68 |       ||   103
       Dagger            |    43 |   170 |   310 |     4 ||   527
 Fire: Shortbow          |    18 |    61 |   195 |       ||   274
Throw: Javelin           |       |       |     5 |       ||     5
 Abil: Hop               |     2 |     1 |     5 |       ||     8
Evoke: Wand              |       |       |    11 |     2 ||    13
  Use: Scroll            |       |     7 |     6 |     5 ||    18
       Potion            |       |     1 |    10 |       ||    11
 Stab: Sleeping          |     1 |       |       |       ||     1
       Confused          |       |       |     5 |       ||     5
       Paralysed         |       |       |     3 |       ||     3
  Eat: Chunk             |     3 |     6 |     9 |       ||    18
       Royal jelly       |       |       |     3 |       ||     3
       Fruit             |       |       |     1 |       ||     1
Armor: Leather armour    |    26 |     5 |       |       ||    31
       Chain mail        |       |   108 |   262 |     6 ||   376
       Skin              |       |       |    22 |       ||    22
Dodge: Dodged            |    66 |    66 |   120 |     3 ||   255

Table legend:
 A = Spawn XP
 B = Non-spawn XP
 C = Spawn XP percentage of total XP
 D = Spawn monster count
 E = Non-spawn monster count
 F = Spawn count percentage of total count
 G = Total turns spent on level
                    A         B        C        D         E        F      G
               +---------+---------+-------+---------+---------+-------+---------
         Total |       0 |    4653 |   0.0 |       0 |     161 |   0.0 |  7963
               +---------+---------+-------+---------+---------+-------+---------
           D:1 |       0 |      34 |   0.0 |       0 |      18 |   0.0 |  1390
           D:2 |       0 |     135 |   0.0 |       0 |      23 |   0.0 |   873
           D:3 |       0 |      75 |   0.0 |       0 |      17 |   0.0 |   641
           D:4 |       0 |     931 |   0.0 |       0 |      25 |   0.0 |   808
           D:5 |       0 |     888 |   0.0 |       0 |      13 |   0.0 |  1161
           D:6 |       0 |    1136 |   0.0 |       0 |      25 |   0.0 |  1716
           D:7 |       0 |    1407 |   0.0 |       0 |      39 |   0.0 |  1345
           D:8 |       0 |      47 |   0.0 |       0 |       1 |   0.0 |    29
               +---------+---------+-------+---------+---------+-------+---------

Vault maps used:
D:1:      dpeg_arrival_solitude, roderic_roman_lattice
D:2:      first_bread, chequers_ecumenical_altar_simple, minmay_surrounded,
          uniq_terence, uniq_natasha
D:4:      uniq_pikel
D:5:      basic_altar, kennysheep_windowed_goal, uniq_duvessa
D:6:      kennysheep_mini, minmay_temple_entry_large_hall, serial_shops,
          shop_statue
D:7:      lemuel_crystal_altar, grunt_tough_drop
D:8:      david_nohive_1

Table legend:
 A = Turns spent in this place as a percentage of turns spent in the entire game.
 B = Non-inter-level travel turns spent in this place as a percentage of non-inter-level travel turns spent in the entire game.
 C = Inter-level travel turns spent in this place as a percentage of turns spent in this place.
 D = Turns resting spent in this place as a percentage of non-inter-level travel turns spent in this place.
 E = Turns spent auto-exploring this place as a percentage of non-inter-level travel turns spent in this place.
 F = Non-inter-level travel turns spent in this place divided by the number of levels of this place that you've seen.
                   A       B       C       D       E      F
               +-------+-------+-------+-------+-------+----------------------
         Total | 100.0 | 100.0 |   1.9 |  24.6 |  48.3 | 976.9
       Dungeon | 100.0 | 100.0 |   1.9 |  24.6 |  48.3 | 976.9
               +-------+-------+-------+-------+-------+----------------------

Table legend:
 A = Kills in this place as a percentage of kills in entire the game.
 B = Kills by you in this place as a percentage of kills by you in the entire game.
 C = Kills by friends in this place as a percentage of kills by friends in the entire game.
 D = Other kills in this place as a percentage of other kills in the entire game.
 E = Experience gained in this place as a percentage of experience gained in the entire game.
 F = Experience gained in this place divided by the number of levels of this place that you have seen.
                   A       B       C       D       E      F
               +-------+-------+-------+-------+-------+----------------------
         Total | 100.0 | 100.0 |   N/A |   N/A | 100.0 | 581.6
       Dungeon | 100.0 | 100.0 |   N/A |   N/A | 100.0 | 581.6
               +-------+-------+-------+-------+-------+----------------------
